 Dungeon Crawl Stone Soup version 0.22.1-1-ga44c0e5 (webtiles) character file.

5 MalarOregon the Slasher (level 1, 0/20 HPs)
             Began as a Minotaur Berserker on Sept 21, 2018.
             Was a Follower of Trog.
             Slain by a leopard gecko (1 damage)
             ... on level 1 of the Dungeon.
             The game lasted 00:00:26 (33 turns).

MalarOregon the Slasher (Minotaur Berserker)          Turns: 33, Time: 00:00:27

Health: 0/20       AC:  2    Str: 21    XL:     1   Next: 66%
Magic:  0/0        EV: 12    Int:  4    God:    Trog [*.....]
Gold:   7          SH:  0    Dex:  9    Spells: 0/0 levels left

rFire    . . .     SeeInvis .   a - +0 falchion
rCold    . . .     Gourm    .   (no shield)
rNeg     . . .     Faith    .   b - +0 animal skin
rPois    .         Spirit   .   (helmet restricted)
rElec    .         Reflect  .   (no cloak)
rCorr    .         Harm     .   (no gloves)
MR       .....                  (no boots)
Stlth    +.........             (no amulet)
HPRegen  0.06/turn              (no ring)
MPRegen  0.07/turn              (no ring)

@: no status effects
A: retaliatory headbutt, horns 2
a: Berserk, Renounce Religion


You were on level 1 of the Dungeon.
You worshipped Trog.
Trog was aware of your devotion.
You were not hungry.

You visited 1 branch of the dungeon, and saw 1 of its levels.

You collected 7 gold pieces.

Inventory:

Hand Weapons
 a - a +0 falchion (weapon)
Armour
 b - a +0 animal skin (worn)
Comestibles
 e - 2 rations {!d}


   Skills:
 + Level 3.7 Fighting
 * Level 3.8 Long Blades
 + Level 0.2 Throwing
 + Level 2.5 Armour
 + Level 2.3 Dodging


You couldn't memorise any spells.
You didn't know any spells.
Your spell library was empty.

Dungeon Overview and Level Annotations

Branches:
Dungeon (1/15)

Altars:


Innate Abilities, Weirdness & Mutations

You reflexively headbutt those who attack you in melee.
You have a pair of horns on your head.


Message History

Trog accepts your kill. The jackal bites you.
Things that are here:
a club; a hobgoblin corpse You closely miss the jackal.
The jackal bites you.
A goblin comes into view.
The jackal misses you.
You completely miss the jackal.
The goblin shouts!
The jackal barks!
You headbutt the jackal. The jackal bites you. The jackal misses you.
You furiously retaliate!
You headbutt the jackal, but do no damage.
The jackal bites you.
A leopard gecko comes into view.
You hit the jackal.
You kill the jackal!
Trog accepts your kill. The jackal bites you. The jackal closely misses you.
You hit the jackal but do no damage. The jackal closely misses you.
The jackal misses you.
A kobold comes into view. It is wielding a dagger.
The jackal barely misses you.
A ball python comes into view.
The ball python hisses angrily.
You hit the jackal but do no damage. The jackal barely misses you.
You riposte.
You hit the jackal. The jackal bites you.
* * * LOW HITPOINT WARNING * * *
The jackal bites you but does no damage.
The jackal bites you.
* * * LOW HITPOINT WARNING * * *
You closely miss the jackal. Your headbutt misses the jackal.
The jackal bites you but does no damage.
The jackal misses you. You furiously retaliate!
You headbutt the jackal.
You riposte.
You hit the jackal.
You kill the jackal!
Trog accepts your kill. The jackal bites you.
* * * LOW HITPOINT WARNING * * *
Unknown command.
You barely miss the jackal. The jackal bites you.
* * * LOW HITPOINT WARNING * * *
Unknown command.
You hit the jackal. Your headbutt misses the jackal.
The jackal barely misses you. The leopard gecko bites you.
* * * LOW HITPOINT WARNING * * *
The jackal barely misses you. You furiously retaliate!
You headbutt the jackal.
You kill the jackal!
Trog accepts your kill. The leopard gecko bites you.
You die...

...............
...............
#............. +
............## .#
....K........# ..#.#
....[........##..#.#.#.
......l................
.....S†@.........#.#.##
......g$.....##..#.....
#............##........
.......................
..##......###..........
. +....... +.....>....
#......###.........#
#......##...#####+##
####............


You could see a leopard gecko, a goblin, a ball python and a kobold.

Vanquished Creatures
  A hobgoblin (D:1)
  3 jackals (D:1)
4 creatures vanquished.

Notes
Turn   | Place    | Note
-------+----------+-------------------------------------------
     0 | D:1      | MalarOregon the Minotaur Berserker began the quest for the
                  | Orb.
     0 | D:1      | Reached XP level 1. HP: 19/19 MP: 0/0
    33 | D:1      | HP: 1/20 [leopard gecko (4)]
    33 | D:1      | Slain by a leopard gecko

Action                   || total
-------------------------++-------
Melee: Falchion          ||    10
       Headbutt          ||     2
Armor: Animal skin       ||     2
Dodge: Dodged            ||    12
       Rpst.: Falchion   ||     2
